 Dungeon Crawl Stone Soup version 0.30-a0-883-g5ad918d77d (webtiles) character file.

Game seed: 1067335547917617891

272210 hikkokomori the Acrobat (level 20, -17/176 HPs)
             Began as a Merfolk Gladiator on Mar 18, 2023.
             Was the Champion of Okawaru.
             Killed from afar by an ironbound frostheart (39 damage)
             ... by creeping frost
             ... on level 2 of the Vaults.
             The game lasted 01:41:52 (34237 turns).

hikkokomori the Acrobat (Merfolk Gladiator)        Turns: 34237, Time: 01:41:53

Health: -17/176    AC: 24    Str: 20    XL:     20   Next: 66%
Magic:  0/31       EV: 45    Int:  5    God:    Okawaru [******]
Gold:   2076       SH:  0    Dex: 37    Spells: 19/19 levels left

rFire   . . .      SeeInvis +    R - +6 great sword (protect)
rCold   . . .      Faith    .    (shield currently unavailable)
rNeg    + + .      Spirit   +    P - +2 ring mail of Life {rPois rC- Regen+ Dex+3}
rPois   +          Reflect  .    c - +1 hat of the Equinox {rPois rN+ Will++}
rElec   .          Rampage  +    f - +3 cloak of Youthful Indiscretion {Harm rC+ Dex+3}
rCorr   .          Harm     + .  i - +0 pair of gloves "Mavuit" {*Corrode Str+5 Int-3 Dex+8}
Will    +++..                    F - +1 pair of boots {rampage}
Stlth   ++++++++                 O - amulet of guardian spirit
HPRegen 1.29/turn                u - +4 ring of protection
MPRegen 0.22/turn                I - ring "Tyojor" {Drain rN+ Slay+6 SInv Stlth+}

@: heroic, frozen, very slow
A: (nimble swimmer 2), mertail
}: 1/15 runes: gossamer
a: Renounce Religion, Heroism, Finesse, Duel


You were on level 2 of the Vaults.
You worshipped Okawaru.
Okawaru was exalted by your worship.
You visited 7 branches of the dungeon, and saw 34 of its levels.
You also visited: Sewer and Gauntlet.

You collected 3388 gold pieces.
You spent 1312 gold pieces at shops.

Inventory:

Hand Weapons
 B - the +10 arbalest "Etunny" {freeze, rPois}
   (You found it on level 4 of the Swamp)

   rPois:     It protects you from poison.
 R - a +6 great sword of protection (weapon)
 X - a +5 triple sword of flaming
 Z - the +7 great sword "Sobuaski" {heavy, rC- Str+4 Dex+5}
   (Okawaru gifted it to you on level 3 of the Lair of Beasts)

   Str:       It affects your strength (+4).
   Dex:       It affects your dexterity (+5).
   rC:        It makes you vulnerable to cold.
Missiles
 d - 18 silver javelins (quivered)
 n - a throwing net
 H - 8 curare-tipped darts
Armour
 c - the +1 hat of the Equinox (worn) {rPois rN+ Will++}
   (You found it on level 4 of the Spider Nest)

   rPois:     It protects you from poison.
   rN:        It protects you from negative energy.
   Will:      It greatly increases your willpower.
 f - the +3 cloak of Youthful Indiscretion (worn) {Harm rC+ Dex+3}
   (Okawaru gifted it to you on level 4 of the Lair of Beasts)

   Dex:       It affects your dexterity (+3).
   rC:        It protects you from cold.
   Harm:      It increases damage dealt and taken.
 i - the +0 pair of gloves "Mavuit" (worn) {*Corrode Str+5 Int-3 Dex+8}
   (You acquired it on level 4 of the Lair of Beasts)

   Str:       It affects your strength (+5).
   Int:       It affects your intelligence (-3).
   Dex:       It affects your dexterity (+8).
   *Corrode:  It may corrode you when you take damage.
 o - +0 storm dragon scales
 F - a +1 pair of boots of rampaging (worn)
 P - the +2 ring mail of Life (worn) {rPois rC- Regen+ Dex+3}
   (You found it on level 7 of the Dungeon)

   Dex:       It affects your dexterity (+3).
   rC:        It makes you vulnerable to cold.
   rPois:     It protects you from poison.
   Regen:     It increases your rate of health regeneration.
Jewellery
 b - an amulet of regeneration
 e - a +4 ring of protection
 s - a +5 ring of evasion
 u - a +4 ring of protection (left hand)
 I - the ring "Tyojor" (right hand) {Drain rN+ Slay+6 SInv Stlth+}
   (You bought it in a shop on level 1 of the Elven Halls)

   [ring of positive energy]

   Slay:      It affects your accuracy & damage with ranged weapons and melee
   (+6).
   rN:        It protects you from negative energy.
   SInv:      It lets you see invisible.
   Drain:     It drains your maximum health when unequipped.
   Stlth:     It makes you more stealthy.
 O - an amulet of guardian spirit (around neck)
 Q - a ring of protection from fire
 U - a ring of ice
Wands
 m - a wand of acid (9)
 x - a wand of roots (36)
 E - a wand of flame (45)
 K - a wand of polymorph (40)
 N - a wand of mindburst (35)
Scrolls
 h - 3 scrolls of fear
 j - 9 scrolls of teleportation
 r - 6 scrolls of blinking
 y - 7 scrolls of immolation
 D - a scroll of enchant weapon
 J - 6 scrolls of magic mapping
 L - 5 scrolls of enchant armour
 M - 9 scrolls of fog
 T - 3 scrolls of silence
 W - 16 scrolls of identify
Potions
 a - 8 potions of ambrosia
 g - 7 potions of lignification
 k - 4 potions of flight
 l - 3 potions of invisibility
 p - 2 potions of berserk rage
 q - 4 potions of magic
 t - 16 potions of curing
 v - 3 potions of resistance
 w - 5 potions of haste
 z - 15 potions of heal wounds
 A - 4 potions of mutation
 C - 3 potions of might
 G - 4 potions of brilliance
 S - 6 potions of attraction
 Y - a potion of cancellation
Miscellaneous
 V - a phial of floods


   Skills:
 + Level 19.7(24.7) Fighting
 - Level 19.3(24.3) Long Blades
 + Level 4.7(9.7) Ranged Weapons
 + Level 8.2(13.2) Throwing
 + Level 9.9(14.9) Armour
 - Level 21.2(26.2) Dodging
 + Level 10.6(15.6) Stealth
 - Level 14.7 Invocations
 + Level 6.4 Evocations


You had 19 spell levels left.
You didn't know any spells.
Your spell library contained the following spells:

 Spells                   Type           Power      Damage    Failure   Level
 Sandblast                Erth           0%         2d4       58%         1
 Cigotuvi's Dreadful Rot  Necr/Pois/Air  0%         N/A       75%         2
 Ensorcelled Hibernation  Hex/Ice        0%         N/A       75%         2
 Poisonous Vapours        Pois/Air       0%         N/A       75%         2
 Static Discharge         Conj/Air       0%         2-2/arc   75%         2
 Sublimation of Blood     Necr           0%         N/A       75%         2
 Wereblood                Tmut           0%         N/A       75%         2
 Dazzling Flash           Conj/Hex       0%         N/A       92%         3
 Hailstorm                Conj/Ice       0%         3d3       92%         3
 Inner Flame              Hex/Fire       0%         N/A       92%         3
 Mephitic Cloud           Conj/Pois/Air  0%         N/A       92%         3
 Spider Form              Tmut/Pois      0%         N/A       92%         3
 Stone Arrow              Conj/Erth      0%         3d7       92%         3
 Vhi's Electric Charge    Tloc/Air       0%         N/A       92%         3
 Anguish                  Hex/Necr       0%         N/A       100%        4
 Flame Wave               Conj/Fire      0%         2d4       100%        4
 Ice Form                 Ice/Tmut       0%         N/A       100%        4
 Petrify                  Tmut/Erth      0%         N/A       100%        4
 Sticky Flame             Conj/Fire      0%         2d3       100%        4
 Agony                    Necr           0%         N/A       100%        5
 Arcjolt                  Conj/Air       0%         1d10      100%        5
 Borgnjor's Vile Clutch   Necr/Erth      0%         N/A       100%        5
 Freezing Cloud           Conj/Ice/Air   0%         6-21      100%        5
 Lightning Bolt           Conj/Air       0%         1d11      100%        5
 Silence                  Hex/Air        0%         N/A       100%        5
 Statue Form              Tmut/Erth      0%         N/A       100%        6
 Enfeeble                 Hex            0%         N/A       100%        7
 Storm Form               Tmut/Air       0%         N/A       100%        7
 Borgnjor's Revivificati  Necr           0%         N/A       100%        8
 Maxwell's Capacitive Co  Air            0%         ∞         100%        8
 Necromutation            Tmut/Necr      0%         N/A       100%        8
 Death's Door             Necr           0%         N/A       100%        9
 Polar Vortex             Ice            0%         N/A       100%        9
 Summon Lightning Spire   Summ/Air       Unusable   N/A       N/A         4
 Simulacrum               Ice/Necr       Unusable   N/A       N/A         6
 Summon Hydra             Summ           Unusable   N/A       N/A         7

Dungeon Overview and Level Annotations

Branches:
Dungeon (15/15)            Temple (0/1) D:5            Lair (5/5) D:11
  Swamp (4/4) Lair:3       Spider (4/4) Lair:3        Slime (0/5) Lair:5
    Orc (2/2) D:10            Elf (2/3) Orc:2        Vaults (2/5) D:14
 Depths (0/4) D:15          Sewer (visited)         Gauntlet (visited)
  Crypt: Vaults:2-3

Altars:
Ashenzari
Dithmenos
Kikubaaqudgha
Nemelex Xobeh
Okawaru
Ru
Sif Muna
Trog
Uskayaw
Vehumet
Xom
Yredelemnul
Zin
Jiyva

Shops:
D:2 =   Orc:2 *[**[   Elf:1 =::!   Vaults:1 !

Portals:
Trove: D:13 (give +5 fire dragon scales)

Annotations:
D:10 exclusion: obsidian statue
Spider:4 2 transporters, Jufurghi's ghost, adept OpTm


Innate Abilities, Weirdness & Mutations

((You are very nimble when in or above water. (Stealth+, EV+, Speed+++)))
Your lower body shifts to a powerful aquatic tail in water.


Message History

You rampage towards the vault sentinel skeleton!
You fracture the vault sentinel skeleton into splinters!!!!
You destroy the vault sentinel skeleton!
Okawaru accepts your kill.
You rampage towards the orc warlord!
You slice the orc warlord like a ripe choko!!!!
You kill the orc warlord!
The orc warlord's corpse dissolves into shadows!
The ironbound preserver skeleton completely misses you.
You fracture the ironbound preserver skeleton into splinters!!!
The ironbound preserver skeleton is severely damaged.
The ironbound frostheart calls freezing cold from the walls.
The frost grips you!
You feel a terrible chill!
You are encased in ice.
You fracture the ironbound preserver skeleton into splinters!!!!
You destroy the ironbound preserver skeleton!
Okawaru accepts your kill.
The ironbound frostheart calls freezing cold from the walls.
The frost grips you!!
You feel a terrible chill!
A skeletal warrior comes into view. It is wielding a +0 scimitar.
The ironbound frostheart calls freezing cold from the walls.
The frost grips you but does no damage.
The ironbound frostheart calls freezing cold from the walls.
The frost grips you!!!
You feel a terrible chill!
* * * LOW HITPOINT WARNING * * *
You hit the ironbound frostheart.
The ironbound frostheart is lightly wounded.
The ice encasing you melts away.
The ironbound frostheart calls freezing cold from the walls.
The frost grips you!!
You feel a terrible chill!
* * * LOW HITPOINT WARNING * * *
You are encased in ice.
Blink to where?
Press: ? - help, Dir - move target, p - ironbound frostheart
As you read the scroll of blinking, it crumbles to dust.
Your +6 great sword of protection hums with potential!
R - a +6 great sword of protection (weapon)
The ironbound frostheart calls freezing cold from the walls.
The frost grips you!!
You die... .#...z.Z.Z #.#..........#. 'g####### #.#..........## #z# #.#..........# pc#

#.#..........#
#z#
#.'..........#
#o#
#.############
#.# #.#
#p#########.#
#...))..@...#
#########+###


You could see an ironbound frostheart.

Vanquished Creatures
  Mara (Swamp:4)
  The ghost of Hiliwumm the Slayer, a veteran MiGl of Okawaru (Elf:1)
  Arachne (Spider:3)
  Jorgrun (Spider:3)
  A deep elf blademaster (Elf:2)
  Frances (D:13)
  2 thorn hunters (Swamp:3)
  A storm dragon (D:12)
  Agnes (Spider:3)
  Donald (Spider:3)
  Roxanne (Spider:2)
  7 emperor scorpions
  4 vault wardens
  6 ghost moths
  A deep elf elementalist (Elf:1)
  4 ironbound preservers
  4 broodmothers
  An orc warlord (Orc:1)
  2 ghouls (Swamp:3)
  The ghost of kenny the Eclecticist, a journeyman DECj of Qazlal (Spider:1)
  An ironbound thunderhulk (Vaults:1)
  A deep elf demonologist (Elf:1)
  6 eleionomae
  A minotaur (Gauntlet)
  3 bunyips
  10 dire elephants (Vaults:1)
  8 spark wasps
  Snorg (D:13)
  2 ettins
  3 yaktaur captains
  2 entropy weavers
  4 fire dragons
  A rakshasa (D:15)
  Erolcha (D:12)
  3 great orbs of eyes
  An ironbound frostheart (Vaults:1)
  16 hydras
  2 ogre magi
  2 vault guards (Vaults:1)
  3 ghost crabs (Swamp:3)
  13 centaur warriors
  5 boulder beetles
  2 death knights (D:12)
  4 radroaches
  7 two-headed ogres
  14 dancing weapons (Elf:2)
  15 death yaks
  A deep troll earth mage (D:12)
  2 death scarabs (Gauntlet)
  3 orc high priests (Orc:2)
  9 alligators
  4 tengu warriors
  Urug (Lair:4)
  A spriggan berserker (Swamp:3)
  17 spriggans
  A soul eater (Gauntlet)
  21 deep elf knights
  2 spectral death yaks (Gauntlet)
  8 skeletal warriors
  A fire crab (Swamp:4)
  3 goliath frogs
  2 pharaoh ants
  3 spriggan druids
  2 sun moths
  A death drake (Swamp:1)
  Lodul (D:13)
  7 deep trolls
  7 bog bodies
  4 ironbound convokers
  5 orc knights (Orc:2)
  8 orb spiders
  7 steelbarb worms
  12 swamp dragons
  4 deep elf archers
  7 lindwurms
  2 phantasmal warriors (D:12)
  2 wizards
  Pikel (D:4)
  24 deep elf pyromancers
  12 ugly things
  22 deep elf zephyrmancers
  5 will-o-the-wisps
  23 wolf spiders
  6 cyclopes
  6 orc sorcerers
  5 moths of wrath
  3 manticores
  6 elephants (Lair:5)
  5 vault sentinels
  2 molten gargoyles (Lair:5)
  2 gargoyles
  13 black mambas
  A minotaur zombie (Gauntlet)
  6 demonic crawlers
  4 rime drakes
  6 torpor snails
  An unseen horror zombie (D:10)
  2 freezing wraiths
  4 cane toads
  2 efreet
  13 yaktaurs
  10 komodo dragons
  2 queen bees (shapeshifter)
  3 tengu conjurers
  7 trolls
  A queen bee (Lair:4)
  13 hornets
  2 polar bears
  11 tyrant leeches
  A bloated husk (Swamp:3)
  4 meliai
  Grinder (D:4)
  19 tarantellas
  11 blink frogs
  A hornet (shapeshifter) (D:12)
  12 dream sheep
  Prince Ribbit (D:4)
  14 slime creatures
  32 jumping spiders
  Sigmund (D:5)
  A centaur simulacrum (Gauntlet)
  2 vampires
  A jumping spider (shapeshifter) (D:15)
  2 spriggans (shapeshifter)
  6 shadows
  21 culicivoras
  44 yaks
  3 wraiths
  4 wyverns
  2 fire elementals (Elf:2)
  3 basilisks
  5 steam dragons
  61 redbacks
  25 vampire mosquitoes
  11 swamp worms
  2 acid dragons
  4 wargs
  11 water moccasins
  5 hell hounds (Lair:5)
  A hydra simulacrum (Gauntlet)
  3 black bears
  11 swamp drakes
  An ice beast (D:6)
  An ice beast (shapeshifter) (D:15)
  Pargi (Sewer)
  2 sky beasts
  23 orc warriors
  15 ogres
  18 wolves
  5 centaurs
  2 lemures (D:4)
  3 kobold brigands
  9 bullfrogs
  A gnoll sergeant (Orc:1)
  2 human skeletons (Vaults:2)
  An earth elemental (Elf:1)
  7 scorpions
  17 wights
  25 killer bees
  3 howler monkeys (D:9)
  9 electric eels
  A centaur zombie (D:10)
  6 lava snakes
  A gnoll bouda (D:7)
  11 orc priests
  3 hounds
  5 jellies
  Crazy Yiuf (D:3)
  2 sleepcaps
  3 iguanas
  Ijyb (D:3)
  21 orc wizards
  A boggart simulacrum (Gauntlet)
  Robin (D:3)
  5 adders
  11 gnolls
  3 river rats
  4 shadow imps (Gauntlet)
  12 white imps (D:13)
  3 ufetubi
  4 worms
  2 dart slugs
  62 orcs
  6 ball pythons
  8 endoplasms
  3 giant cockroaches
  19 goblins
  8 hobgoblins
  6 jackals
  4 quokkas
  10 bats
  2 frilled lizards
  17 kobolds
  4 rats
  A fire vortex (Swamp:4)
1265 creatures vanquished.

Vanquished Creatures (others)
  An ice statue (Gauntlet)
  A bloated husk (Swamp:4)
  A spriggan (Swamp:4)
  A steam dragon (Swamp:4)
  A swamp worm (Swamp:3)
  2 swamp drakes (Swamp:4)
  An orc priest (Orc:2)
  An orc wizard (Orc:2)
  A bat (D:1)
  A rat (D:1)
  9 foxfires
  21 fungi
  45 plants
  14 withered plants (Swamp:3)
100 creatures vanquished.

Grand Total: 1365 creatures vanquished

Notes
Turn   | Place    | Note
-------+----------+-------------------------------------------
     0 | D:1      | hikkokomori the Merfolk Gladiator began the quest for the
                  | Orb.
     0 | D:1      | Reached XP level 1. HP: 16/16 MP: 1/1
   142 | D:1      | Reached XP level 2. HP: 12/23 MP: 2/2
   270 | D:1      | Reached skill level 1 in Stealth
   518 | D:1      | Reached XP level 3. HP: 22/28 MP: 3/3
   870 | D:2      | Found a faded altar of an unknown god.
   939 | D:2      | Noticed an ogre
  1121 | D:3      | Reached skill level 5 in Long Blades
  1121 | D:3      | Reached XP level 4. HP: 8/35 MP: 4/4
  1241 | D:3      | Found an iron altar of Okawaru.
  1266 | D:3      | Became a worshipper of Warmaster Okawaru
  1350 | D:3      | Noticed Ijyb
  1408 | D:2      | Killed an ogre
  1409 | D:2      | Reached skill level 1 in Invocations
  1409 | D:2      | Reached XP level 5. HP: 9/41 MP: 5/5
  2014 | D:2      | Found Lylycs's Jewellery Shop.
  2544 | D:3      | Killed Ijyb
  2545 | D:3      | Reached XP level 6. HP: 40/48 MP: 7/7
  2607 | D:3      | Found a runed translucent door.
  2608 | D:3      | Noticed Crazy Yiuf
  2687 | D:3      | Noticed Robin
  2695 | D:3      | Killed Robin
  2767 | D:3      | Killed Crazy Yiuf
  3036 | D:4      | Found a glowing drain.
  3043 | Sewer    | Entered a sewer
  3068 | Sewer    | Noticed Pargi
  3079 | Sewer    | Killed Pargi
  3080 | Sewer    | Reached XP level 7. HP: 54/54 MP: 7/9
  3144 | D:4      | Found a sacrificial altar of Ru.
  3217 | D:4      | Reached * piety under Okawaru
  3475 | D:4      | Found a shimmering blue altar of Sif Muna.
  3661 | D:4      | Reached skill level 5 in Fighting
  3853 | D:4      | Noticed Pikel
  3967 | D:4      | Noticed Grinder
  3974 | D:4      | Killed Grinder
  3974 | D:4      | Reached ** piety under Okawaru
  3975 | D:4      | Reached skill level 5 in Stealth
  3975 | D:4      | Reached XP level 8. HP: 50/62 MP: 9/11
  4205 | D:4      | Killed Pikel
  4206 | D:4      | Reached skill level 1 in Armour
  4420 | D:5      | Entered Level 5 of the Dungeon
  4420 | D:5      | Noticed Prince Ribbit
  4457 | D:4      | Killed Prince Ribbit
  4458 | D:4      | Reached XP level 9. HP: 27/71 MP: 12/12
  4613 | D:5      | Reached *** piety under Okawaru
  4684 | D:5      | Noticed Sigmund
  4844 | D:5      | Killed Sigmund
  5178 | D:5      | Found a staircase to the Ecumenical Temple.
  5631 | D:6      | Reached **** piety under Okawaru
  5699 | D:6      | Found a glowing silver altar of Zin.
  6428 | D:6      | Reached skill level 5 in Dodging
  6610 | D:7      | Reached XP level 10. HP: 75/79 MP: 13/13
  6728 | D:7      | Found a shadowy altar of Dithmenos.
  6810 | D:7      | Found a shimmering altar of Xom.
  7036 | D:7      | Identified the +2 ring mail of Life {rPois rC- Regen+
                  | Dex+3}
  7398 | D:8      | Reached skill level 6 in Dodging
  7486 | D:8      | Found a bloodstained altar of Trog.
  7508 | D:8      | Found a radiant altar of Vehumet.
  7542 | D:8      | Reached ***** piety under Okawaru
  7553 | D:8      | Reached skill level 1 in Evocations
  8394 | D:9      | Received a gift from Okawaru
  8441 | D:9      | Noticed a two-headed ogre
  8445 | D:9      | Killed a two-headed ogre
  8446 | D:9      | Reached skill level 10 in Long Blades
  8446 | D:9      | Reached skill level 7 in Dodging
  8450 | D:9      | Found a viscous altar of Jiyva.
  8790 | D:9      | Received a gift from Okawaru
  8871 | D:9      | Noticed a centaur warrior
  8873 | D:9      | Killed a centaur warrior
  8874 | D:9      | Reached XP level 11. HP: 87/87 MP: 14/14
  9355 | D:10     | Entered Level 10 of the Dungeon
  9389 | D:10     | Noticed an obsidian statue
  9411 | D:10     | Found a broken altar of Ashenzari.
  9512 | D:10     | Noticed a two-headed ogre
  9517 | D:10     | Killed a two-headed ogre
  9518 | D:10     | Reached skill level 5 in Armour
  9537 | D:10     | Found an ancient bone altar of Kikubaaqudgha.
  9543 | D:10     | Reached skill level 8 in Dodging
  9884 | D:10     | Received a gift from Okawaru
  9887 | D:10     | Reached ****** piety under Okawaru
  9968 | D:10     | Found a staircase to the Orcish Mines.
 10275 | D:10     | Found a basalt altar of Yredelemnul.
 10477 | D:11     | Found a staircase to the Lair.
 10478 | D:11     | Noticed a death yak
 10480 | D:11     | Noticed a death yak
 10480 | D:11     | Noticed a death yak
 10508 | D:10     | Killed a death yak
 10509 | D:10     | Reached skill level 9 in Dodging
 10556 | D:11     | Killed a death yak
 10564 | D:11     | Killed a death yak
 10564 | D:11     | Identified the +0 hand axe of Trial by Ordeal {drain, Str+2
                  | Int+5 Dex+3} (Okawaru gifted it to you on level 11 of the
                  | Dungeon)
 10564 | D:11     | Received a gift from Okawaru
 10675 | D:11     | Reached skill level 10 in Fighting
 10687 | D:11     | Reached skill level 5 in Invocations
 10748 | D:11     | Found a sparkling altar of Nemelex Xobeh.
 10837 | D:11     | Noticed a brown ugly thing
 10847 | D:11     | Killed a brown ugly thing
 10934 | D:11     | Reached XP level 12. HP: 97/97 MP: 13/16
 11179 | D:11     | Reached skill level 10 in Dodging
 11392 | Lair:1   | Entered Level 1 of the Lair of Beasts
 11410 | Lair:1   | Found a gate leading to a gauntlet.
 11422 | Gauntlet | Entered a Gauntlet
 11422 | Gauntlet | Found a transporter.
 11432 | Gauntlet | Found a transporter.
 11435 | Gauntlet | Found a transporter.
 11436 | Gauntlet | Found a transporter.
 11440 | Gauntlet | Found a runed translucent door.
 11473 | Gauntlet | Noticed a soul eater
 11475 | Gauntlet | Found a runed translucent door.
 11477 | Gauntlet | Found a transporter.
 11481 | Gauntlet | Found a transporter.
 11485 | Gauntlet | Found a runed translucent door.
 11485 | Gauntlet | Found a runed translucent door.
 11487 | Gauntlet | Found a transporter.
 11495 | Gauntlet | Found a transporter.
 11499 | Gauntlet | Found a transporter.
 11507 | Gauntlet | Found a transporter.
 11515 | Gauntlet | Found a transporter.
 11516 | Gauntlet | Found a transporter.
 11517 | Gauntlet | Noticed a death scarab
 11521 | Gauntlet | Found a transporter.
 11525 | Gauntlet | Noticed a death scarab
 11527 | Gauntlet | Found a transporter.
 11686 | Gauntlet | Killed a soul eater
 11686 | Gauntlet | Identified the +10 glaive of No Interval {antimagic, rElec}
                  | (Okawaru gifted it to you in a Gauntlet)
 11686 | Gauntlet | Received a gift from Okawaru
 11857 | Gauntlet | Killed a death scarab
 11872 | Gauntlet | Killed a death scarab
 11873 | Gauntlet | Reached skill level 11 in Dodging
 11996 | Gauntlet | Noticed a minotaur
 12034 | Gauntlet | Killed a minotaur
 12034 | Gauntlet | Received a gift from Okawaru
 12984 | Lair:2   | Reached XP level 13. HP: 106/106 MP: 16/18
 13440 | Lair:3   | Identified the +7 great sword "Sobuaski" {heavy, rC- Str+4
                  | Dex+5} (Okawaru gifted it to you on level 3 of the Lair of
                  | Beasts)
 13440 | Lair:3   | Received a gift from Okawaru
 13471 | Lair:3   | Reached skill level 12 in Dodging
 13740 | Lair:3   | Received a gift from Okawaru
 13964 | Lair:3   | Received a gift from Okawaru
 13964 | Lair:3   | Found the +5 scythe "Finisher" {speed, eviscerate}
 13980 | Lair:3   | Reached skill level 5 in Throwing
 14029 | Lair:3   | Found a hole to the Spider Nest.
 14154 | Lair:3   | Found a staircase to the Swamp.
 14569 | Lair:4   | Identified a scroll of acquirement
 14572 | Lair:4   | Acquired the +0 pair of gloves "Mavuit" {*Corrode Str+5
                  | Int-3 Dex+8}
 14634 | Lair:4   | Reached skill level 13 in Dodging
 14637 | Lair:4   | Received a gift from Okawaru
 14824 | Lair:4   | Identified the +3 cloak of Youthful Indiscretion {Harm rC+
                  | Dex+3} (Okawaru gifted it to you on level 4 of the Lair of
                  | Beasts)
 14824 | Lair:4   | Received a gift from Okawaru
 14825 | Lair:4   | Reached XP level 14. HP: 116/116 MP: 21/21
 14973 | Lair:5   | Entered Level 5 of the Lair of Beasts
 15388 | Lair:5   | Found a staircase to the Slime Pits.
 15588 | Lair:5   | Reached skill level 10 in Invocations
 15640 | Lair:5   | Found a large runed translucent door.
 15640 | Lair:5   | Found a large runed translucent door.
 15744 | Lair:5   | Reached skill level 14 in Dodging
 15775 | Lair:5   | Identified the +4 great sword "Hast" {protect, rF++ rC-
                  | rCorr Int+2} (Okawaru gifted it to you on level 5 of the
                  | Lair of Beasts)
 15775 | Lair:5   | Received a gift from Okawaru
 16242 | Lair:4   | Noticed Urug
 16246 | Lair:4   | Killed Urug
 16279 | Lair:4   | Reached skill level 15 in Long Blades
 17239 | Orc:1    | Entered Level 1 of the Orcish Mines
 17278 | Orc:1    | Noticed an orc warlord
 17453 | Orc:1    | You fall into a shaft and drop 1 floor!
 17453 | Orc:2    | Entered Level 2 of the Orcish Mines
 17489 | Orc:2    | Found Exkog's Assorted Antiques.
 17563 | Orc:2    | Found a staircase to the Elven Halls.
 17744 | Orc:2    | Found Zoinuq's Armour Shoppe.
 17757 | Orc:2    | Received a gift from Okawaru
 17758 | Orc:2    | Reached XP level 15. HP: 118/124 MP: 17/23
 17817 | Orc:2    | Received a gift from Okawaru
 17856 | Orc:2    | Found Unnuchea's Assorted Antiques.
 17860 | Orc:2    | Found Kiewnad's Antique Armour Shop.
 17866 | Orc:2    | Found Naixt's Assorted Antiques.
 18260 | Orc:1    | Killed an orc warlord
 18540 | Orc:2    | Bought a scroll of identify for 44 gold pieces
 18540 | Orc:2    | Bought a scroll of enchant armour for 165 gold pieces
 18540 | Orc:2    | Bought a lumpy silvery potion for 19 gold pieces
 18699 | Spider:1 | Entered Level 1 of the Spider Nest
 18759 | Spider:1 | Reached skill level 15 in Dodging
 19095 | Spider:1 | Killed a ghost moth
 19311 | Spider:1 | Killed a ghost moth
 19311 | Spider:1 | Identified the +0 pair of gloves of Eternal Vigilance
                  | {Str+3 Int+2} (Okawaru gifted it to you on level 1 of the
                  | Spider Nest)
 19311 | Spider:1 | Received a gift from Okawaru
 19638 | Spider:1 | Found a large runed translucent door.
 19638 | Spider:1 | Found a large runed translucent door.
 19691 | Spider:1 | Noticed kenny's ghost (journeyman DECj)
 20015 | Spider:1 | Killed kenny's ghost
 20329 | D:2      | Bought a ring of see invisible for 210 gold pieces
 20743 | Spider:2 | Reached XP level 16. HP: 132/134 MP: 25/25
 20884 | Spider:2 | Reached skill level 16 in Dodging
 20900 | Spider:2 | Identified Roxanne's Textbook on Terrain
 20900 | Spider:2 | Noticed Roxanne
 20925 | Spider:2 | Killed Roxanne
 20925 | Spider:2 | Identified the +5 great sword of Roatyabb {heavy, Fragile
                  | rElec rPois Dex+4} (Okawaru gifted it to you on level 2 of
                  | the Spider Nest)
 20925 | Spider:2 | Received a gift from Okawaru
 21096 | Spider:2 | You fall into a shaft and drop 1 floor!
 21096 | Spider:3 | Noticed Donald
 21098 | Spider:3 | Killed Donald
 21099 | Spider:3 | Reached skill level 15 in Fighting
 21101 | Spider:3 | Noticed Agnes
 21105 | Spider:3 | Killed Agnes
 21424 | Spider:3 | Noticed Arachne
 21435 | Spider:3 | Killed Arachne
 21443 | Spider:3 | Received a gift from Okawaru
 21493 | Spider:3 | Noticed Jorgrun
 21508 | Spider:3 | Killed Jorgrun
 21661 | Spider:3 | Reached skill level 17 in Dodging
 21914 | Spider:2 | Received a gift from Okawaru
 22605 | Spider:4 | Entered Level 4 of the Spider Nest
 22887 | Spider:4 | Found a transporter.
 22915 | Spider:4 | Noticed Jufurghi's ghost (adept OpTm)
 22919 | Spider:4 | Found a transporter.
 23167 | Spider:4 | Identified the +5 long sword "Basyh" {flame, Str+4}
                  | (Okawaru gifted it to you on level 4 of the Spider Nest)
 23167 | Spider:4 | Received a gift from Okawaru
 23174 | Spider:4 | Reached XP level 17. HP: 130/144 MP: 1/26
 23226 | Spider:4 | Reached skill level 18 in Dodging
 23389 | Spider:4 | Got a gossamer rune of Zot
 23541 | Spider:4 | Received a gift from Okawaru
 23775 | Spider:4 | Received a gift from Okawaru
 23775 | Spider:4 | Found the +3 warlock's mirror {omnireflect}
 24072 | Spider:4 | Identified the +1 hat of the Equinox {rPois rN+ Will++}
 24426 | Elf:1    | Entered Level 1 of the Elven Halls
 24620 | Elf:1    | Found Idghoifyoh's Jewellery Shop.
 24635 | Elf:1    | Found Oshugies's Book Boutique.
 24635 | Elf:1    | Found Mify's Book Shop.
 24638 | Elf:1    | Found Bihu Nih's Distillery.
 24669 | Elf:1    | Bought the ring "Tyojor" {Drain rN+ Slay+6 SInv Stlth+} for
                  | 804 gold pieces
 24771 | Elf:1    | Reached skill level 19 in Dodging
 24969 | Elf:1    | Found a large runed translucent door.
 24969 | Elf:1    | Found a large runed translucent door.
 24971 | Elf:1    | Noticed Hiliwumm's ghost (veteran MiGl)
 25407 | Elf:1    | Killed Hiliwumm's ghost
 25407 | Elf:1    | Received a gift from Okawaru
 25412 | Elf:1    | Identified the +0 chain mail "Seyqin" {Harm rF+}
 25459 | Elf:2    | Received a gift from Okawaru
 25591 | Elf:2    | Received a gift from Okawaru
 25833 | Elf:2    | Identified the +3 pair of gloves of Osme {rF+ rCorr}
                  | (Okawaru gifted it to you on level 2 of the Elven Halls)
 25833 | Elf:2    | Received a gift from Okawaru
 25836 | Elf:2    | Reached XP level 18. HP: 128/155 MP: 21/27
 25868 | Elf:2    | Found a runed translucent gate.
 25868 | Elf:2    | Found a runed translucent gate.
 25872 | Elf:2    | Found a runed translucent gate.
 26281 | Elf:2    | Noticed a deep elf blademaster
 26289 | Elf:2    | Killed a deep elf blademaster
 26779 | Swamp:1  | Entered Level 1 of the Swamp
 27035 | Swamp:1  | Reached skill level 20 in Dodging
 27057 | Swamp:1  | Received a gift from Okawaru
 27548 | Swamp:2  | Found a bloodstained altar of Trog.
 28361 | Swamp:3  | Received a gift from Okawaru
 28581 | Swamp:3  | Reached XP level 19. HP: 164/164 MP: 29/29
 28586 | Swamp:3  | Received a gift from Okawaru
 28798 | Swamp:4  | Entered Level 4 of the Swamp
 28798 | Swamp:4  | Noticed Mara
 28800 | Swamp:4  | Killed Mara
 28835 | Swamp:4  | Received a gift from Okawaru
 28879 | Swamp:4  | Reached skill level 21 in Dodging
 28939 | Swamp:4  | Identified the +10 arbalest "Etunny" {freeze, rPois}
 29049 | Swamp:4  | Received a gift from Okawaru
 29109 | Swamp:4  | Reached skill level 1 in Ranged Weapons
 29488 | D:12     | Noticed Erolcha
 29496 | D:12     | Killed Erolcha
 29503 | D:12     | Identified the +0 robe "Miesegaff" {-Cast rF+ Str+4}
 29512 | D:12     | You fall into a shaft and drop 3 floors!
 29512 | D:15     | Entered Level 15 of the Dungeon
 29512 | D:15     | Found a hide-covered altar of Uskayaw.
 29531 | D:15     | Received a gift from Okawaru
 29585 | D:15     | Found a staircase to the Depths.
 29637 | D:15     | Identified the +4 ring mail "Ledyuraj" {Int+3 Dex+3}
 30033 | D:15     | Received a gift from Okawaru
 30359 | D:12     | Received a gift from Okawaru
 31215 | D:13     | Noticed Frances
 31224 | D:13     | Killed Frances
 31319 | D:13     | Noticed Lodul
 31332 | D:13     | Killed Lodul
 31425 | D:13     | Noticed Snorg
 31428 | D:13     | Killed Snorg
 31524 | D:13     | Received a gift from Okawaru
 31612 | D:13     | Found a portal to a secret trove of treasure.
 32394 | D:14     | Found a gate to the Vaults.
 32411 | D:14     | Reached XP level 20. HP: 168/174 MP: 28/31
 32543 | D:14     | Reached skill level 5 in Evocations
 32869 | Vaults:1 | Entered Level 1 of the Vaults
 32996 | Vaults:1 | Received a gift from Okawaru
 33118 | Vaults:1 | Reached skill level 10 in Stealth
 33474 | Vaults:1 | Identified the +2 long sword of Chaos {speed, rElec rC- rN+
                  | Dex+3} (Okawaru gifted it to you on level 1 of the Vaults)
 33474 | Vaults:1 | Received a gift from Okawaru
 33509 | Vaults:1 | Found Gen Gebe's Distillery.
 33533 | Vaults:1 | Bought a potion of heal wounds for 70 gold pieces
 34237 | Vaults:2 | Killed from afar by an ironbound frostheart

Illustrated notes

Levels and vault maps discovered:
D:1:      wheals_arrival_shading, layout_rooms, minmay_misc_feat_square,
          grunt_decor_resistance, fountainhead,
          nicolae_concentric_dashed_squares_mild, lemuel_flame_loot_1
D:2:      layout_basic, serial_shops, nicolae_shop_statue_plus,
          nicolae_ecumenical_pavilion, minmay_misc_feat_iff,
          columned_hall_lemuel, nrook_campfire, minmay_goblin_outpost
D:3:      layout_rooms, okawaru_ov_weapons_minmay, lightli_corner_chamber,
          uniq_crazy_yiuf_cottage, uniq_ijyb, uniq_robin
D:4:      layout_basic, mainiacjoe_overflow_brackets, overflow_temple_1_default,
          portal_sewer_entry_e, guppyfry_early_orc_mine, uniq_grinder,
          uniq_pikel
D:5:      layout_rooms, minmay_temple_entry_fiery, uniq_prince_ribbit1,
          uniq_sigmund
D:6:      layout_basic, overflow_temple_1_default
D:7:      layout_basic, mainiacjoe_overflow_boulevard,
          nicolae_dithmenos_the_darkroom
D:8:      layout_basic, mainiacjoe_overflow_six_doors_small, old_standard_altar
D:9:      layout_grid_maze, jiyva_altar_1
D:10:     layout_stronghold, general_overflow_altar,
          lemuel_zombie_altar_yredelemnul, kiku_gazebo_garden_becter,
          david_orc_3, minmay_statue_bubble
D:11:     layout_basic, dpeg_lair_monsters, grunt_ministairs_8,
          nemelex_spade_bored_becter
D:12:     minmay_box_of_curves, layout_long_grid, uniq_erolcha
D:13:     layout_basic, trove_entry_hex_spiral, portal_ice_cave_entry_imps,
          grunt_decor_clamped, blue_anna_alchemist, uniq_snorg, uniq_frances,
          uniq_lodul
D:14:     layout_stronghold, david_vaults_2, serial_rivers,
          chequers_serial_rivers_micro_c, chequers_serial_rivers_room_b,
          chequers_serial_rivers_small_a, chequers_serial_rivers_room_b,
          chequers_serial_rivers_micro_a
D:15:     hangedman_depths_entry_civil_slaughter, layout_basic,
          nicolae_uskayaw_murder_on_the_dancefloor
Lair:1:   layout_roguey, gauntlet_entry_generic
Lair:2:   layout_regular_city, serial_bayou_shore_b,
          infiniplex_staircase_pool_2, lemuel_fruit_fields
Lair:3:   layout_loops_ring, minmay_swamp_entry_eels,
          hellmonk_spider_entry_not_the_bees, beast_lair_carwin_3,
          grunt_megastairs_5, lemuel_fruit_fields, serial_bayou_shore_b
Lair:4:   layout_small_grid, serial_forest, infiniplex_forest_corner_1,
          infiniplex_forest_lined_1, infiniplex_forest_clump_C,
          infiniplex_forest_lined_1, special_room [special_room_bee],
          st_stairs_4, serial_bayou_shore_a, infiniplex_staircase_pool,
          uniq_urug
Lair:5:   cheibrodos_lair_end_hotspot, layout_gridlike,
          dpeg_slime_entry_enclosed, lemuel_old_faithful
Swamp:1:  layout_falls_marsh, nicolae_swamp_round_clearing, swamp_pool5
Swamp:2:  layout_basic_swamp, lemuel_altar_in_water,
          nicolae_swamp_very_dense_foliage
Swamp:3:  nicolae_swamp_secret_spriggan_hideout, layout_basic_swamp,
          nicolae_swamp_trees_clearing, swamp_pool1, hangedman_swamp_diagram,
          st_shrine_of_shade
Swamp:4:  swamp_fiery, layout_basic_swamp, uniq_mara
Spider:1: nicolae_spider_hilbert_zone_1 [nicolae_spider_hilbert_4_sides_1_open,
          nicolae_spider_hilbert_4_sides_1_open,
          nicolae_spider_hilbert_4_sides_1_open,
          nicolae_spider_hilbert_4_sides_1_open,
          nicolae_spider_hilbert_3_sides_1_open,
          nicolae_spider_hilbert_3_sides_1_open,
          nicolae_spider_hilbert_3_sides_1_open,
          nicolae_spider_hilbert_3_sides_1_open,
          nicolae_spider_hilbert_3_sides_1_open,
          nicolae_spider_hilbert_6_sides_1_open,
          nicolae_spider_hilbert_6_sides_1_open,
          nicolae_spider_hilbert_3_sides_1_open,
          nicolae_spider_hilbert_3_sides_1_open,
          nicolae_spider_hilbert_3_sides_1_open,
          nicolae_spider_hilbert_3_sides_1_open,
          nicolae_spider_hilbert_2_sides_1_open], ebering_ghost_disaster_area,
          nicolae_spider_bzzzt
Spider:2: layout_chambers, einodemon_crawler_minivault, uniq_roxanne
Spider:3: layout_spider_delve, uniq_agnes, uniq_jorgrun, uniq_donald,
          uniq_arachne
Spider:4: guppyfry_spider_rune, nzn_ghost_randoct, hellmonk_motheaten_closet
Orc:1:    layout_caves
Orc:2:    st_orc_elflike, layout_caves, serial_shops, nicolae_shop_waterfront
Elf:1:    elf_arrival_002, layout_gridlike, ebering_ghost_disaster_area,
          minmay_elf_demonology, minmay_shoptagon
Elf:2:    elven_hall_of_blades_hangedman_original
          [nicolae_vaults_blade_armed_guards], layout_geoelf_octagon
Vaults:1: nicolae_vaults_what_the_h, v_rooms_5, nicolae_vaults_network_barrier,
          nicolae_vaults_network_square, nicolae_vaults_little_ls,
          vaults_room_corners, v_misc_11, nicolae_vaults_little_squares_2,
          vaults_room_pools, ontoclasm_vaults_twist, ontoclasm_vaults_pinch,
          nicolae_vaults_ring_of_whatevers, layout_vaults_omnicross,
          serial_shops, shop
Vaults:2: minmay_crypt_entry_skeletal_spiral, hangedman_vaults_unwind,
          vaults_dpeg_emergency_exit, vaults_mumra_lcd, vaults_dpeg_hooks,
          vaults_room_glass_cross, ontoclasm_vaults_decontamination,
          vaults_room_fancy_cross, v_pattern_3, dpeg_vaults_monster_box,
          ontoclasm_vaults_ring_small, layout_vaults_ring

Skill      XL: |  1  2  3  4  5  6  7  8  9 10 11 12 13 14 15 16 17 18 19 20 |
---------------+-------------------------------------------------------------+-----
Long Blades    | 4 5 6 7 8 9 10 11 13 14 15 16 17 19 | 19.3
Stealth        | 1 2 3 5 6 7 8 9 10 | 10.6
Fighting       | 3 4 5 6 7 8 10 11 12 13 14 16 17 18 19 | 19.7
Invocations    | 1 2 4 5 7 9 10 12 13 14 | 14.7
Armour         | 2 3 4 5 6 7 8 9 |  9.9
Dodging        | 5 7 9 11 13 14 15 17 19 20 21 | 21.2
Evocations     | 3 4 6 |  6.4
Throwing       | 3 5 6 7 8 |  8.2
Ranged Weapons | 3 4 |  4.7

Action                     |  1- 3 |  4- 6 |  7- 9 | 10-12 | 13-15 | 16-18 | 19-21 || total
---------------------------+-------+-------+-------+-------+-------+-------+-------++-------
  Melee: Long sword        |    99 |    13 |       |       |       |       |       ||   112
         Punch             |     1 |     1 |     4 |     3 |       |       |       ||     9
         Falchion          |       |    92 |   250 |   106 |       |       |       ||   448
         Great sword       |       |       |       |   419 |   744 |   305 |   278 ||  1746
         Triple sword      |       |       |       |     1 |    49 |   444 |   172 ||   666
         Tailslap          |       |       |       |       |     2 |    20 |    22 ||    44
   Fire: Arbalest          |       |       |     8 |       |     1 |       |    22 ||    31
  Throw: Javelin           |     1 |       |     1 |     3 |     2 |       |       ||     7
         Throwing net      |       |     2 |       |     2 |       |       |       ||     4
         Dart              |       |     4 |     8 |       |       |       |       ||    12
 Invoke: Heroism           |       |       |     1 |     8 |    10 |    13 |     7 ||    39
         Finesse           |       |       |       |     1 |       |       |       ||     1
  Evoke: Wand              |       |     4 |     1 |     2 |    15 |     1 |     1 ||    24
         Phial of floods   |       |       |       |       |       |     1 |       ||     1
    Use: Scroll            |     5 |     4 |     4 |     9 |    18 |     1 |     3 ||    44
         Potion            |     2 |       |       |       |     1 |       |       ||     3
   Stab: Sleeping          |     2 |     3 |     9 |    19 |    16 |    46 |    32 ||   127
         Distracted        |       |       |       |     3 |     5 |     9 |     4 ||    21
         Held in net/web   |       |       |       |     4 |       |       |       ||     4
         Confused          |       |       |       |       |       |       |     5 ||     5
 Armour: Leather armour    |    30 |    22 |    37 |     6 |       |       |       ||    95
         Skin              |    10 |       |       |       |       |       |       ||    10
         Ring mail         |       |       |       |    91 |   116 |    83 |    78 ||   368
         Storm dragon scal |       |       |       |       |       |       |     5 ||     5
  Dodge: Dodged            |    86 |   128 |   282 |   692 |  1299 |  1093 |   690 ||  4270
         Repelled          |       |       |       |     1 |     3 |       |       ||     4

Table legend: (Time is in decaauts)
 A = Elapsed time spent in this place.
 B = Non-inter-level travel time spent in this place.
 C = Inter-level travel time spent in this place.
 D = Time resting spent in this place.
 E = Time spent auto-exploring this place.
 F = Levels seen in this place.
 G = Mean time per level.
                   A        B        C        D        E       F      G
               +--------+--------+--------+--------+--------+-----+--------+
         Total |  33901 |  31374 |   2527 |   1387 |  21802 |  36 |  941.7 |
       Dungeon |  15424 |  14286 |   1138 |    503 |  10492 |  15 | 1028.3 |
          Lair |   5498 |   4818 |    680 |    209 |   3429 |   5 | 1099.6 |
         Swamp |   2225 |   2123 |    102 |      6 |   1498 |   4 |  556.2 |
   Spider Nest |   5023 |   4744 |    279 |    252 |   3344 |   4 | 1255.8 |
  Orcish Mines |   1500 |   1294 |    206 |     79 |    712 |   2 |  750.0 |
   Elven Halls |   2078 |   1983 |     95 |    113 |   1245 |   2 | 1039.0 |
        Vaults |   1378 |   1353 |     25 |      3 |   1028 |   2 |  689.0 |
         Sewer |     83 |     83 |      0 |      0 |      9 |   1 |   83.0 |
      Gauntlet |    689 |    689 |      0 |    222 |     41 |   1 |  689.0 |
               +--------+--------+--------+--------+--------+-----+--------+

Top non-repeatable levels by time:
     D:4: 2017 daAuts
Spider:4: 1574 daAuts
Spider:1: 1440 daAuts
    D:10: 1306 daAuts
Vaults:1: 1273 daAuts
  Lair:4: 1266 daAuts
  Lair:5: 1251 daAuts
Spider:2: 1241 daAuts
  Lair:3: 1209 daAuts
     D:9: 1150 daAuts
     D:2: 1149 daAuts
   Elf:2: 1063 daAuts
    D:11: 1025 daAuts
   Orc:2: 1019 daAuts
    D:12: 1015 daAuts
